AoeStats
← ecerva.27

Arabia

510237880Analyzed
1v1 RM · 2d ago on Sep 30, 2026· 53m 5s· 2 players
Game mode
Random Map
Map size
Tiny (2 player)
Population
200
Speed
Normal
Resources
Standard
Victory
Conquest
Starting age
Dark Age
Ending age
Imperial Age
RankedLock teamsTeams togetherTeam positionsShared explorationLock speedFull tech treeHidden civsTurbo modeCheats
Victory
Defeat
🇺🇸 Khitans · United States
1186
+17
🇲🇽 Koreans · Mexico
1214
-17
InvisibleMan
6:33 Loom
9:17 Feudal Age
10:09 Double-Bit Axe
12:06 Domestication
20:18 Padded Archer Armor
23:23 Castle Age
22:15 Fletching
22:41 Gold Mining
23:27 Elite Skirmisher
24:49 Bodkin Arrow
26:37 Scale Barding Armor
28:59 Leather Archer Armor
31:08 Chain Barding Armor
33:39 Ballistics
33:54 Forging
35:21 Thumb Ring
40:43 Imperial Age
38:34 Town Watch
39:18 Husbandry
39:24 Heavy Cavalry Archer
41:54 Iron Casting
40:54 Light Cavalry
42:00 Bow Saw
42:03 Pastoralism
43:23 Parthian Tactics
44:09 Wheelbarrow
44:15 Town Patrol
45:58 Hand Cart
48:04 Bracer
49:01 Heavy Camel Rider
ecerva.27
5:21 Loom
5:57 Loom
8:48 Feudal Age
12:31 Double-Bit Axe
19:06 Fletching
24:06 Castle Age
24:10 Crossbowman
24:14 Elite Skirmisher
25:47 Bodkin Arrow
32:37 Ballistics
38:15 Thumb Ring
38:03 Horse Collar
38:50 Bow Saw
43:29 Imperial Age
41:48 Wheelbarrow
41:50 Forging
42:26 Light Cavalry
43:07 Husbandry
43:42 Hussar
45:24 Conscription
46:33 Chemistry
45:44 Scale Barding Armor
46:10 Heavy Plow
47:37 Chain Barding Armor
47:53 Iron Casting
48:48 Hand Cart
Connection lost

Rejoining the realm…

Still unreachable

The connection could not be restored.

Session expired

The server has moved on; the page needs a fresh start.